 Dungeon Crawl Stone Soup version 0.17-a0-1899-ge84b1df (webtiles) character file.

1297 Herrn the Shield-Bearer (level 8, -1/61 HPs)
             Began as a Formicid Fighter on Sept 24, 2015.
             Succumbed to poison (a potion of poison)
             ... on level 6 of the Dungeon.
             The game lasted 00:15:43 (5091 turns).

Herrn the Shield-Bearer (Formicid Fighter)          Turns: 5091, Time: 00:15:43

Health: -1/61      AC:  7    Str: 24    XL:     8   Next: 87%
Magic:  8/8        EV: 15    Int:  7    God:
Gold:   201        SH: 10    Dex: 10    Spells: 0 memorised, 7 levels left

rFire  . . .     SeeInvis +     a - +0 war axe
rCold  . . .     Clarity  .     b - +0 scale mail
rNeg   . . .     SustAt   .     c - +0 shield
rPois  .         Gourm    .     (helmet unavailable)
rElec  .         Spirit   .     (no cloak)
rCorr  .         Warding  .     (no gloves)
rMut   .         Stasis   +     (no boots)
MR     +....                    (no amulet)
Stlth  ..........               u - ring of protection from magic (curse)
                                t - +4 ring of evasion

@: lethally poisoned (-1 -> -20), very slightly contaminated, invisible,
somewhat resistant to hostile enchantments, extremely unstealthy
A: permanent stasis, dig shafts and tunnels, four strong arms, antennae 3,
MP-powered wands
a: Dig, Shaft Self


You were on level 6 of the Dungeon.
You were not hungry.

You visited 1 branch of the dungeon, and saw 6 of its levels.

You collected 201 gold pieces.

Inventory:

Hand weapons
 a - a +0 war axe (weapon)
 d - a +0 flail of venom
 x - the +2 flail "Erphi" {drain, rC+}
   (You found it on level 4 of the Dungeon)

   A truly terrible weapon, it drains the life of those it strikes.
   It protects you from cold.
Armour
 b - a +0 scale mail (worn)
 c - a +0 shield (worn)
Jewellery
 n - an uncursed ring of sustain attributes
 t - a +4 ring of evasion (left hand)
 u - a cursed ring of protection from magic (right hand)
Magical devices
 A - a wand of slowing (27)
Scrolls
 g - a scroll of enchant weapon {unknown}
 i - 2 scrolls of remove curse {unknown}
 j - 2 scrolls of teleportation {unknown}
 k - a scroll of fog {unknown}
 l - 2 scrolls of identify {unknown}
 o - 3 scrolls of immolation {unknown}
 y - a scroll of recharging {unknown}
Potions
 f - a potion of mutation {unknown}
 m - 2 potions of brilliance {unknown}
 p - 3 potions of invisibility (quivered)
 q - a potion of haste {unknown}
 r - a potion of poison
 s - 4 potions of curing {unknown}
 z - a potion of cancellation {unknown}
Comestibles
 e - 3 bread rations
 h - 2 meat rations
 v - 7 fruits
 w - a beef jerky


   Skills:
 + Level 4.4 Fighting
 * Level 5.7 Axes
 + Level 5.6 Armour
 * Level 4.6 Dodging
 + Level 6.2 Shields


You had 7 spell levels left.
You didn't know any spells.

Dungeon Overview and Level Annotations

Branches:
Dungeon (6/15)
 Temple: D:4-7

Altars:
Ashenzari
Elyvilon
Kikubaaqudgha
Nemelex Xobeh
Ru
Vehumet
Xom
Zin

Annotations:
D:6 Prince Ribbit


Innate Abilities, Weirdness & Mutations

You are under a permanent stasis effect.
You can dig through walls and to a lower floor.
Your four strong arms can wield two-handed weapons with a shield.
You have a pair of large antennae on your head (SInv).
You expend magic power (3 MP) to strengthen your wands.


Message History

Quiver which item? (- for none, * to show all) (? for menu, Esc to quit)
Okay, then.
Unknown command.
Unknown command.
Quiver which item? (- for none, * to show all) (? for menu, Esc to quit)
Quivering
p - 4 bubbling red potions for throwing.
Quiver which item? (- for none, * to show all) (? for menu, Esc to quit)
Okay, then.
Unknown command.
Unknown command.
Drink which item? (? for menu, Esc to quit)
It was a potion of invisibility.
You fade into invisibility!
You feel sick. Prince Ribbit hits you!
* * * LOW HITPOINT WARNING * * *
You are very lightly contaminated with residual magic.
Drink which item? (? for menu, Esc to quit)
It was a potion of poison.
That liquid tasted very nasty...
You are more poisoned.
You die...

.# #.# #.## #.# #...
#{## #..#### ...
...... # #.# #....
#.#.#.#####.# #..#
#.....)@F?..####..#
......#####.......#
............####)###
## ###.#.#####.#
#.#)## #. # #.#
#..#.# #. #.#
#.######. #.#
#......'. #.#
#.######. ..# #.# #.


You could see Prince Ribbit.

Vanquished Creatures
  Edmund (D:4)
  An ogre (D:5)
  A sky beast (D:5)
  A centaur (D:5)
  A giant frog (D:6)
  2 scorpions
  2 hounds (D:5)
  2 crimson imps (D:5)
  2 orc priests (D:6)
  5 orc wizards (D:6)
  3 iguanas
  3 worker ants
  2 killer bee zombies
  A hound skeleton (D:6)
  9 adders
  A worker ant zombie (D:5)
  An ooze (D:3)
  An adder zombie (D:4)
  5 worms
  4 giant geckos
  19 orcs
  11 hobgoblins
  6 jackals
  6 kobolds
  5 quokkas
  A ball python (D:3)
  10 bats
  2 giant cockroaches
  11 giant newts
  4 goblins
  11 rats
134 creatures vanquished.

Notes
Turn   | Place    | Note
--------------------------------------------------------------
     0 | D:1      | Herrn the Formicid Fighter began the quest for the Orb.
     0 | D:1      | Reached XP level 1. HP: 18/18 MP: 1/1
   150 | D:1      | Reached XP level 2. HP: 24/24 MP: 2/2
   312 | D:1      | Reached skill level 4 in Shields
   316 | D:1      | Reached XP level 3. HP: 27/29 MP: 3/3
   765 | D:2      | Reached skill level 1 in Dodging
   765 | D:2      | Reached XP level 4. HP: 35/35 MP: 4/4
   958 | D:2      | Found a glowing silver altar of Zin.
  1803 | D:3      | Reached XP level 5. HP: 26/41 MP: 5/5
  2221 | D:3      | Found a sparkling altar of Nemelex Xobeh.
  2503 | D:4      | Reached XP level 6. HP: 25/47 MP: 6/6
  2881 | D:4      | Noticed Edmund
  2892 | D:4      | Killed Edmund
  2892 | D:4      | Reached skill level 5 in Shields
  2892 | D:4      | Reached XP level 7. HP: 28/53 MP: 7/7
  3170 | D:4      | Found a shattered altar of Ashenzari.
  3199 | D:4      | Got an ichor-stained flail
  3200 | D:4      | Identified the +2 flail "Erphi" {drain, rC+} (You found it on level 4 of the Dungeon)
  3561 | D:5      | Entered Level 5 of the Dungeon
  3749 | D:5      | Found a sacrificial altar of Ru.
  3751 | D:5      | Found a radiant altar of Vehumet.
  3756 | D:5      | Found a shimmering altar of Xom.
  3829 | D:5      | Reached skill level 5 in Armour
  3834 | D:5      | Gained mutation: You expend magic power (3 MP) to strengthen your wands. [mutagenic meat]
  3984 | D:5      | Reached XP level 8. HP: 36/60 MP: 8/8
  3986 | D:5      | Reached skill level 5 in Axes
  4723 | D:6      | Found an ancient bone altar of Kikubaaqudgha.
  4725 | D:6      | Found a white marble altar of Elyvilon.
  4893 | D:6      | Reached skill level 6 in Shields
  5083 | D:6      | Noticed Prince Ribbit
  5090 | D:6      | HP: 1/61 [Prince Ribbit (9)]
  5091 | D:6      | Succumbed to poison (a potion of poison)

Vault maps used:
D:1:      minmay_arrival_jagged, minivault_25, dk_noncrumbling_4,
          minmay_lizard_king
D:2:      zin_statuary
D:3:      nemelex_deck, first_bread
D:4:      kennysheep_little_box, uniq_edmund
D:5:      nicolae_overflow_hidden_temple
D:6:      minitemple, cheibriados_altar_1, nrook_pool_corridor,
          nicolae_ru_great_annihilating_truth, uniq_prince_ribbit1

Action                   |  1- 3 |  4- 6 |  7- 9 || total
-------------------------+-------+-------+-------++-------
Melee: War axe           |   112 |   185 |   187 ||   484
 Abil: Dig               |       |     9 |     4 ||    13
  Use: Potion            |       |     1 |     2 ||     3
  Eat: Chunk             |       |     5 |     1 ||     6
       Pizza             |       |     1 |       ||     1
       Bread ration      |       |     1 |     1 ||     2
